Cogmind - Beta 17.1 @@@ ROGUE MODE // 2026.09.01 @ 12:23:56 Player: UnderDoug Result: Destroyed by S-10 Pest with Light Assault Rifle Performance ------------- Evolutions (0) 0 Regions Visited (2) 400 Robots Destroyed (15) 75 Value Destroyed (336) 336 Prototype IDs (2) 40 Alien Tech Used (0) 0 Bonus (0) 0 TOTAL SCORE: 851 Bonus ------- None Cogmind --------- Core Integrity 0/250 Matter 275/300 Energy 200/200 System Corruption 0% Temperature Cool (0) Movement Walking (190) Ox1 Location -10/Subcaves Parts ------- > --- POWER (1) -------- Subdweller Power Source > --- PROPULSION (2) --- Aluminum Leg Aluminum Leg > --- UTILITY (2) ------ Large Storage Unit Propulsion Shielding > --- WEAPON (2) ------- Small Laser Light Assault Rifle > --- INVENTORY (15) --- Light Treads Aluminum Leg Aluminum Leg Aluminum Leg Subdweller Monowheel Large Storage Unit Subdweller Optics Sensor Array Small Laser Subdweller Machine Gun Welding Torch Peak State ------------ > --- POWER ------------ Subdweller Power Source > --- PROPULSION ------- Aluminum Leg Aluminum Leg > --- UTILITY ---------- Large Storage Unit Propulsion Shielding > --- WEAPON ----------- Small Laser Light Assault Rifle > --- INVENTORY -------- Light Treads Aluminum Leg Aluminum Leg Aluminum Leg Subdweller Monowheel Large Storage Unit Subdweller Optics Sensor Array Small Laser Subdweller Machine Gun Welding Torch [Rating: 9] Favorites ----------- Power Ion Engine Engine Ion Engine Propulsion Aluminum Leg Leg Aluminum Leg Utility Large Storage Unit Device Terrain Scanner Storage Large Storage Unit Protection Propulsion Shielding Weapon Medium Laser Energy Gun Medium Laser Ballistic Gun Light Assault Rifle Special Weapon Welding Torch Build | -11 -10 -10 ------- Run | Yrd Mat Sub Slots Evolved . | . . . Power . | . . . Propulsion . | . . . Utility . | . . . Weapon . | . . . Parts Attached 18 | 6 8 4 Power 4 | 1 2 1 Engine 4 | 1 2 1 Core . | . . . Reactor . | . . . Propulsion 4 | 2 2 . Treads . | . . . Leg 4 | 2 2 . Wheel . | . . . Hover . | . . . Flight . | . . . Utility 5 | 1 3 1 Device 2 | . 2 . Storage 2 | 1 1 . Processor . | . . . Hackware . | . . . Protection 1 | . . 1 Artifact . | . . . Weapon 5 | 2 1 2 Energy Gun 2 | 1 . 1 Energy Cannon . | . . . Ballistic Gun 2 | 1 1 . Ballistic Cannon . | . . . Launcher . | . . . Special Weapon 1 | . . 1 Impact Weapon . | . . . Slashing Weapon . | . . . Piercing Weapon . | . . . Special Melee Weapon . | . . . Unidentified Prototypes . | . . . Parts Lost 5 | . 1 4 Power 2 | . 1 1 Propulsion . | . . . Utility 1 | . . 1 Weapon 2 | . . 2 Highest Loss Streak 2 | . 1 2 To Critical Strikes 1 | . . 1 Average Backups 12 | 3 10 14 Power . | . . . Propulsion 4 | 2 5 5 Utility 2 | . 1 3 Weapon 2 | . 2 3 Tool/Special . | . . . Unused Backups 10 | . 5 5 Power 1 | . 1 . Propulsion 5 | . 3 2 Utility 2 | . . 2 Weapon 1 | . . 1 Tool/Special 1 | . 1 . Average Slot Usage (%) 98 | . 98 98 Engine 13 | . 14 13 Leg 27 | . 27 28 Device 9 | . 9 9 Storage 15 | . 17 14 Protection 2 | . . 4 Energy Gun 13 | . 14 13 Ballistic Gun 13 | . 13 13 Peak Build Rating 9 | 6 8 9 Average Rating 7 | 4 7 7 On Entrance 4 | . 6 8 Avg Prop Armor Cover (%) . | . . . Naked Turns . | . . . Heaviest Build 31 | 11 31 29 Greatest Support 20 | 20 20 20 Greatest Overweight (x) 2 | 1 2 1 Average Overweight (x) . | . . 1 Largest Inventory Capacity 15 | 8 15 15 Average Capacity 14 | 6 14 15 Most Carried 15 | 6 15 15 Average Carried 12 | 4 10 14 Final Capacity 15 | 8 15 15 Final Carried 15 | 6 15 11 Class Distribution -------------------- 100% | Mutant Dominant Class ---------------- Mutant | -10/Materials Mutant | -10/Subcaves Resources | -11 -10 -10 ----------- Run | Yrd Mat Sub Matter Collected 432 | 202 182 48 Remotely . | . . . Salvage Created 431 | . 352 79 Parts 34 | . 29 5 Haulers Intercepted . | . . . Recyclers Shooed . | . . . Parts Field Recycled . | . . . Retrieved Matter . | . . . Parts Self-Destructed 17 | . . 17 Prevented . | . . . Parts Restored . | . . . Kills | -11 -10 -10 ------- Run | Yrd Mat Sub Combat Hostiles Destroyed 15 | . 12 3 Guns 15 | . 12 3 Classes Destroyed 3 | . 3 . Swarmer 8 | . 6 2 Grunt 4 | . 4 . Subdweller 3 | . 2 1 Best Kill Streak 3 | . 3 2 Combat Bots Only 3 | . 3 2 Max Kills in Single Turn 1 | . 1 1 Gunslinging . | . . . Exploded . | . . . Melee . | . . . Uniques/NPCs Destroyed . | . . . Combat | -11 -10 -10 -------- Run | Yrd Mat Sub Hostile Shots Fired 136 | . 77 59 Missed 33 | . 22 11 Hits 103 | . 55 48 Projectile 103 | . 55 48 Critical Strikes 1 | . . 1 Damage Taken 1017 | . 558 459 Core 252 | . 110 142 Absorbed by Shields . | . . . Redirected to Shielding 22 | . . 22 Core Remaining (%) 100 | 100 . . Volleys Fired 74 | . 49 25 Largest 2 | . 2 2 Hottest 70 | . 70 70 Shots Fired 140 | . 98 42 Gun 133 | . 98 35 Cannon . | . . . Launcher . | . . . Special 7 | . . 7 Kinetic 67 | . 49 18 Thermal 73 | . 49 24 Explosive . | . . . Electromagnetic . | . . . Robot Hit Streak 28 | . 13 28 Robot Miss Streak 4 | . 4 3 Penetration Max . | . . . Secondary Targets 2 | . 1 1 Max Gunslinging Chain 1 | . 1 1 Shots Hit Robots 88 | . 63 25 Core Hits 28 | . 23 5 Critical Kills . | . . . Critical Parts Destroyed 1 | . 1 . Critical Strikes 6 | . 5 1 Burn 5 | . 4 1 Destroy 1 | . 1 . Melee Attacks . | . . . Impact . | . . . Slashing . | . . . Piercing . | . . . Sneak Attacks . | . . . Combat Hostiles . | . . . Follow-up Attacks . | . . . Damage Inflicted 892 | . 648 244 Guns 892 | . 648 244 Cannons . | . . . Explosions . | . . . Melee . | . . . Ramming . | . . . Kinetic 358 | . 248 110 Thermal 534 | . 400 134 Explosive . | . . . Electromagnetic . | . . . Impact . | . . . Slashing . | . . . Piercing . | . . . Highest Corruption . | . . . Average Corruption . | . . . Corruption Purged . | . . . Corruption Blocked . | . . . Overload Shots . | . . . Overflow Damage . | . . . Projectiles . | . . . Explosions . | . . . Melee . | . . . Knockbacks . | . . . Impact . | . . . Kinetic . | . . . Secondary . | . . . Self-Inflicted Damage . | . . . Shots . | . . . Rammed . | . . . Targets Rammed . | . . . Kicked . | . . . Crushed . | . . . Highest Temperature 126 | . 126 1 Average Temperature 28 | . 30 1 Received Heat Transfer 246 | . 156 90 Siege Activations . | . . . Martial Activations . | . . . Shielding Activations . | . . . Robots Disrupted . | . . . Combat Hostiles . | . . . Robots Corrupted . | . . . Combat Hostiles . | . . . Parts Fried . | . . . Impact Corruptions . | . . . Robots Melted . | . . . Combat Hostiles . | . . . Parts Melted 2 | . 2 . Heat Transferred 1949 | . 1480 469 Parts Sabotaged . | . . . Parts Stolen . | . . . Parts Stripped . | . . . Power Chain Reactions . | . . . Alert | -11 -10 -10 ------- Run | Yrd Mat Sub Maximum Alert Level . | . . . Low Security (%) 100 | 100 100 . Level 1 . | . . . Level 2 . | . . . Level 3 . | . . . Level 4 . | . . . Level 5 . | . . . High Security . | . . . Max Security . | . . . Peak Influence 132 | . 132 . Initial . | . . . Average 53 | . 59 . Influence Increases 390 | . 320 70 Destroy 0b10 Robot/C 240 | . 200 40 Destroy Leader 40 | . 40 . Successful Hack 5 | . 5 . Lose Combat Pursuer 105 | . 75 30 Influence Decreases 348 | . 217 131 Entered New Map 51 | . . 51 Time Decay 267 | . 207 60 Lost Part 30 | . 10 20 Squads Dispatched 2 | . 2 . Investigation . | . . . Extermination . | . . . Reinforcement 2 | . 2 . Assault . | . . . Garrison . | . . . Intercept . | . . . Searches Triggered . | . . . Construction Impeded . | . . . Haulers Reinforced . | . . . Active Scanning Responses . | . . . Cargo Convoy Interrupts . | . . . Stealth | -11 -10 -10 --------- Run | Yrd Mat Sub Distress Signals 1 | . 1 . Communications Jammed . | . . . Distress Signals . | . . . Times Spotted 29 | . 22 7 Peak Tracking Total 4 | . 4 4 Tactical Retreats 6 | . 5 1 Traps | -11 -10 -10 ------- Run | Yrd Mat Sub Traps Triggered 1 | . 1 . Indirectly . | . . . Trap Hack Attempts . | . . . Triggered . | . . . Disarmed . | . . . Reprogrammed . | . . . Reused . | . . . Traps Extracted . | . . . Installed . | . . . Triggered . | . . . Machines | -11 -10 -10 ---------- Run | Yrd Mat Sub Machines Disabled . | . . . Max in Single Turn . | . . . Machines Repaired . | . . . Machines Dismantled . | . . . Machines Sabotaged . | . . . Overloaded Fab Kills . | . . . Hacking | -11 -10 -10 --------- Run | Yrd Mat Sub Machines Accessed 1 | . 1 . Terminals 1 | . 1 . Fabricators . | . . . Repair Stations . | . . . Recycling Units . | . . . Scanalyzers . | . . . Garrison Access . | . . . Total Hacks 3 | . 3 . Successful 1 | . 1 . Failed 2 | . 2 . Catastrophic . | . . . Database Lockouts . | . . . Manual . | . . . Terminals 3 | . 3 . Fabricators . | . . . Repair Stations . | . . . Recycling Units . | . . . Scanalyzers . | . . . Garrison Access . | . . . Terminal Hacks 1 | . 1 . Prototype ID Bank 1 | . 1 . Fabricator Hacks . | . . . Repair Station Hacks . | . . . Recycling Unit Hacks . | . . . Scanalyzer . | . . . Garrison Access Hacks . | . . . Unauthorized Hacks . | . . . Terminals . | . . . Fabricators . | . . . Repair Stations . | . . . Recycling Units . | . . . Scanalyzers . | . . . Garrison Access . | . . . Data Cores Recovered . | . . . Used . | . . . Hacking Detections 1 | . 1 . Full Trace Events . | . . . Feedback Events . | . . . Feedback Blocked . | . . . Robot Schematics Acquired . | . . . Robots Built . | . . . Authchips . | . . . Time . | . . . Total Robot Build Rating . | . . . Part Schematics Acquired . | . . . Parts Built . | . . . Authchips . | . . . Time . | . . . Total Part Build Rating . | . . . Part Studies Acquired . | . . . Parts Repaired . | . . . Time . | . . . Parts Recycled . | . . . Recycled Matter . | . . . Retrieved Matter . | . . . Retrieved Components . | . . . Parts Scanalyzed . | . . . Part Schematics Acquired . | . . . Parts Damaged . | . . . Bothacking | -11 -10 -10 ------------ Run | Yrd Mat Sub Used RIF Installer . | . . . Robots Hacked . | . . . Non-combat . | . . . Combat . | . . . Robot Hacks Applied . | . . . Relay Couplers Released . | . . . Fabnet Peak Effective % . | . . . Robots Rewired . | . . . Allies Hacked . | . . . Hacks Repelled . | . . . Allies | -11 -10 -10 -------- Run | Yrd Mat Sub Total Allies . | . . . Largest Group . | . . . Highest-Rated Group . | . . . Highest-Rated Ally . | . . . Total Orders . | . . . Ally Attacks . | . . . Total Damage . | . . . Kills . | . . . Allies Corrupted . | . . . Allies Melted . | . . . Intel | -11 -10 -10 ------- Run | Yrd Mat Sub Active Infowar (turns) 500 | . 144 356 Terrain 500 | . 144 356 Robot Analysis Total . | . . . Derelict Logs Recovered . | . . . Drone Launches . | . . . Drone Recoveries . | . . . Exploration | -11 -10 -10 ------------- Run | Yrd Mat Sub Turns Passed 1185 | 64 573 548 Spaces Moved 485 | 47 190 248 Core 12 | 12 . . Treads . | . . . Legs 473 | 35 190 248 Wheels . | . . . Hover . | . . . Flight . | . . . Fastest Speed 50 | 50 120 190 Average Speed 181 | 106 189 190 Slowest Speed 260 | 120 260 190 Overloaded Moves . | . . . Propulsion Burnouts . | . . . Robots Hopped . | . . . Potential Cave-ins . | . . . Cave-ins Triggered . | . . . Exploration Rate (%) 14 | 4 19 20 Regions Visited 2 Branch Regions 1 Pre-discovered Areas 1 | . . 1 Known Exits Taken . | . . . Unknown Exits Taken 2 | 1 1 . Scrap Searched . | . . . Spaces Dug . | . . . Terrain Destroyed . | . . . Melee . | . . . Projectile . | . . . AOE . | . . . Terrain Rammed . | . . . Walls Destroyed . | . . . Machines Disabled . | . . . Actions | -11 -10 -10 --------- Run | Yrd Mat Sub Total 660 | 58 318 284 Wait 50 | . 45 5 Move 483 | 46 189 248 Hop . | . . . Pick Up 24 | 6 18 . Fast Attach 8 | 6 2 . Attach 8 | . 4 4 Detach . | . . . Swap 5 | . 3 2 Drop 8 | . 8 . Fire 74 | . 49 25 Melee . | . . . Ram . | . . . Kick . | . . . Crush . | . . . Escape Stasis . | . . . Rewire . | . . . Trap . | . . . Miscellaneous . | . . . Route ------- -11/Scrapyard -10/Materials -10/Subcaves (discovered 1 exit: [*Rec]) History --------- Turn | Location | Event 7 | -11/Scrapyard | Discovered new exit (range 15) 65 | -11/Scrapyard | Entered Materials 247 | -10/Materials | Discovered new exit (range 9) 314 | -10/Materials | Build established: Mutant 565 | -10/Materials | Derelicts attacked the area 638 | -10/Materials | Entered Subcaves 648 | -10/Subcaves | Learned location of Zion (-6) 648 | -10/Subcaves | Met a Zionite searching for "candidates" 943 | -10/Subcaves | Shifting Twisted Machinery released Mak. Light Armor Plating 997 | -10/Subcaves | Core integrity fell below 50% 1155 | -10/Subcaves | Discovered new exit (range 13) 1166 | -10/Subcaves | Core integrity fell below 20% 1186 | -10/Subcaves | Destroyed by S-10 Pest with Light Assault Rifle Last Messages --------------- trip to Zion?" World map updated: -6/Zion. Mak. Light Armor Plating falls loose from the Twisted Machinery. Terrain Scanner destroyed. 05-DW2(R) suffers critical hit (Burn). Lgt. Assault Rifle destroyed. 05-DW2(R) destroyed. Acquired 48 matter. EXIT=FOUND S-10 Pest destroyed. Med. Laser destroyed. Critical hit (Destroy). Ion Engine destroyed. Lgt. Ion Engine fries itself beyond repair. Flight Unit fries itself beyond repair. S-10 Pest destroyed. Switching to secondary target: S-10 Pest. Lgt. Assault Rifle fries itself beyond repair. S-10 Pest destroyed. Map ----- +----------------------------------------------------+ | ?????????????????????????????????????????????????? | | ??????????????????????????????????????????????#### | | ???????????????????????????????????????### ??# | | ???????????????????????????????????????# ## | | ???????????????????????????????????????# | | ???????????????????????????????????????# | | ?????????????????????????????????????????? | | ?????????????????????????????????????????????????# | | ????????????????????????????????????????????#??### | | ???????????????????????????????????????????????# | | ???????????????????????????????????????????????# | | ???????????????????????????????????????????????## | | ?????????????????###????????????????????????????# | | ????????????????? ????????????????????????????# | | ????????????????## ????????????????????????????## | | ????????????????#< #????????????????????????????# | | ??????????????###< "###?###?????????????????????? | | ?#???????????## " ### #?????????????????##### | | ?#?????????? " ##???????"""#???### | | ?##????????? # #????? "#???# | | ??????#????? ## ## %##### "#?# | | #??###?????# ## ## s%[ ""#?## #### | | ### #####?? = <#####??### | | "" #???##??# % ""## ##??# | | "" & #???#??## ###### "## ##?## | | #"# ! ##??##### @##????????????? #?## | | ###= ##???# #?????????????? #?# | | ??# #????# ##??????????????# #??# | | ### ###??# ##???????#####??## ##?### | | " # #### ###????????# #### #????? | | ## ##??????????# ## ##???# | | ### #???#???###?# #??## | | ## # # #?## ## #?#????# ### #### | | ?##### #??# ### ####### | | ???## ##??# ## ## # ## #### | | #?## ###???# ### #######??## | | ### #?????## ##### ##???####??##### | | # ##?????# ##???# ## ### ##????## | | ## ##?###?## ##????##### #??#??# | | ## ### ### #?####### #?????# | | ??# ## #?# ## #?????# | | ??# ## ####### ##??? #?????## | | ??## ### #?#???# ##?????????????# | | ???## ## ###???# ## ##?????????????? | | ????# ### ##???## ### ###?????? ???????? | | ????## ## #?#### ##?# ##????????????????? | | ?#??## ### ##??###?????????????????? | | ???## ## ###?????#??#??????????????? | | ???# ##?#??????????? ????????????? | | ???# ######???????????????????????????? | +----------------------------------------------------+ Best States ------------- Heat Dissipation 35 Energy Generation 15 Energy Capacity 250 Matter Stores 300 Matter Capacity 300 Sight Range 16 Terrain Scan Range 14 Terrain Scan Density 10 Propulsion Shielding 33 Evasion (%) 55 Item Schematics ----------------- None Robot Schematics ------------------ None Fabricated ------------ Nothing Repaired ---------- Nothing Studied --------- None Alien Tech Used ----------------- None Achievements -------------- None Challenges ------------ None Game ------ Seed MagneticSuperchargedJack Manual? 0 Play Time 00:10:01 Cumulative 12.1 hours Start 2026.09.01 @ 12:16:25 End 2026.09.01 @ 12:23:56 Sessions 1 Manual Loads 0 Difficulty Rogue Special Mode None Game No. 24 Rogue 24 Adventurer 0 Explorer 0 Win Type - Total 0 Types 0/0/0/0/0/0/0/0/0/0 Lore% 24 Gallery% 13 Achievement% 14 Wizard Run 0 Options --------- Layout 1 ASCII 0 Keyboard 0 Movement Mouse Keybinds 0 Fullscreen 2 Font 24/X11 Map View 50x35 Zoom Use 0% Tactical HUD 0 Map Filters NONE Filters NONE Steam 1 RUN: 32d90cff-75d4-4493-8a5c-9174d92d2f3d